 Dungeon Crawl Stone Soup version 0.26.1-11-gd32895ea62 (webtiles) character file.

Game seed: 17329114757735145120

119 MisterFreud the Ruffian (level 4, 0/44 HPs)
             Began as a Troll Monk on June 16, 2021.
             Succumbed to an orc's poison
             ... on level 3 of the Dungeon.
             The game lasted 00:02:11 (1579 turns).

MisterFreud the Ruffian (Troll Monk)                Turns: 1579, Time: 00:02:11

Health: 0/44       AC:  6    Str: 19    XL:     4   Next: 74%
Magic:  3/3        EV: 10    Int: 12    God:
Gold:   122        SH:  0    Dex: 13    Spells: 3/3 levels left

rFire    . . .     SeeInvis .     - Unarmed
rCold    . . .     Faith    .   (no shield)
rNeg     . . .     Spirit   .   a - +0 robe
rPois    .         Reflect  .   (helmet restricted)
rElec    .         Harm     .   (no cloak)
rCorr    .         Rampage  .   (gloves unavailable)
Will     .....                  (boots unavailable)
Stlth    ++........             l - amulet of the acrobat
HPRegen  0.54/turn              f - +6 ring of intelligence
MPRegen  0.08/turn              (no ring)

@: lethally poisoned (0 -> -25)
A: large, unfitting armour, claws 3, regeneration 1, shaggy fur 1, tough skin 3
a: no special abilities


You were on level 3 of the Dungeon.
You visited 1 branch of the dungeon, and saw 3 of its levels.

You collected 122 gold pieces.

Inventory:

Armour
 a - a +0 robe (worn)
Jewellery
 f - a +6 ring of intelligence (left claw)
 l - an amulet of the acrobat (around neck)
Scrolls
 b - 2 scrolls of remove curse {unknown}
 e - a scroll of blinking {unknown}
 g - 3 scrolls of identify {unknown}
 i - 2 scrolls of teleportation {unknown}
 j - a scroll of amnesia {unknown}
Potions
 c - 2 potions of curing {unknown}
 d - a potion of flight {unknown}
 h - a potion of berserk rage {unknown}
 k - a potion of might {unknown}


   Skills:
 - Level 2.4 Fighting
 - Level 2.4 Dodging
 - Level 1.0 Stealth
 + Level 5.5 Unarmed Combat


You had 3 spell levels left.
You didn't know any spells.
Your spell library was empty.

Dungeon Overview and Level Annotations

Branches:
Dungeon (3/15)

Altars:
Vehumet


Innate Abilities, Weirdness & Mutations

You are too large for most types of armour.
You have claws for hands.
Your natural rate of healing is unusually fast.
You are covered in fur. (AC +1)
You have extremely tough skin. (AC +3)


Message History

You claw the orc!
You kill the orc!
You feel sick.
An orc comes into view. It is wielding a +0 flail.
* * * LOW HITPOINT WARNING * * *
You feel very sick. The orc completely misses you.
Items here: ))) [[ ††.
You barely miss the orc.
* * * LOW HITPOINT WARNING * * *
You feel sick. The orc barely misses you.
You closely miss the orc.
* * * LOW HITPOINT WARNING * * *
You feel very sick.
The orc hits you with a +1 trident of venom.
* * * LOW HITPOINT WARNING * * *
You are more poisoned.
You scratch the orc. You claw the orc.
You kill the orc!
You die...

#.####.#..........#.#..[.....###
#.. #.#########..#.#........###
#........##..#.#.######.#..
########.#####.#........#.# #.#
#.#######..#.# #.#
###.#######..#.# #.#
..#.##..........
#.##..#.##.#........
#..@..#.##.+.......)
####)##.####........
o##.############
.##.............
.############### .# .# .#


You could see an orc.

Vanquished Creatures
  6 adders
  An ooze (D:3)
  3 worms
  A dart slug (D:1)
  A leopard gecko (D:1)
  4 orcs (D:3)
  4 bats
  A giant cockroach (D:1)
  4 goblins
  3 hobgoblins
  2 jackals (D:2)
  A quokka (D:2)
  4 frilled lizards
  9 kobolds
  7 rats
51 creatures vanquished.

Notes
Turn   | Place    | Note
-------+----------+-------------------------------------------
     0 | D:1      | MisterFreud the Troll Monk began the quest for the Orb.
     0 | D:1      | Reached XP level 1. HP: 22/22 MP: 0/0
    63 | D:1      | Reached XP level 2. HP: 29/29 MP: 1/1
   621 | D:2      | Reached skill level 4 in Unarmed Combat
   671 | D:2      | Reached XP level 3. HP: 36/36 MP: 2/2
   998 | D:2      | Found a radiant altar of Vehumet.
  1106 | D:3      | Reached skill level 5 in Unarmed Combat
  1106 | D:3      | Reached XP level 4. HP: 44/44 MP: 3/3
  1578 | D:3      | HP: 2/44 [orc/+1 trident of venom (5)]
  1579 | D:3      | Succumbed to an orc's poison

Illustrated notes

Levels and vault maps discovered:
D:1:      dpeg_arrival_simpleton_c, layout_basic
D:2:      layout_rooms, lemuel_round_altar
D:3:      layout_basic

Skill      XL: |  1  2  3 |
---------------+----------+-----
Unarmed Combat | 4 5 |  5.5
Fighting       | |  2.4
Dodging        | |  2.4
Stealth        | |  1.0

Action                   |  1- 3 |  4- 6 || total
-------------------------+-------+-------++-------
Melee: Unarmed           |    82 |    32 ||   114
       Punch             |     1 |     1 ||     2
 Stab: Sleeping          |     3 |       ||     3
Armor: Robe              |    42 |     2 ||    44
Dodge: Dodged            |    34 |    22 ||    56
